 Dungeon Crawl Stone Soup version 0.21-a0-496-g696f58f (console) character file.

5938 hexaflexagon the Immaculate (level 10, -1/63 HPs)
             Began as an Octopode Fighter on Nov 23, 2017.
             Was a High Priest of Zin.
             Slain by a red ugly thing (23 damage)
             ... on level 8 of the Dungeon.
             The game lasted 00:30:12 (10968 turns).

hexaflexagon the Immaculate (Octopode Fighter)     Turns: 10968, Time: 00:30:13

Health: -1/63      AC:  3    Str: 15    XL:     10   Next: 83%
Magic:  17/17      EV: 12    Int:  9    God:    Zin [*****.]
Gold:   335        SH: 10    Dex: 14    Spells: 9/9 levels left

rFire    . . .     SeeInvis .   a - +5 whip (elec)
rCold    + . .     Gourm    .   o - +0 shield
rNeg     . . .     Faith    .   (helmet restricted)
rPois    .         Spirit   .   t - amulet of Ighop {+Blink rElec Regen+ Int-3 Slay+4}
rElec    +         Reflect  .   A - ring of protection from cold
rCorr    .         Harm     .   (no ring)
MR       .....                  (no ring)
Stlth    ++++......             (no ring)
HPRegen  0.60/turn              (no ring)
MPRegen  0.15/turn              (no ring)
                                (no ring)
                                (no ring)

@: lethally poisoned (-1 -> -2), drained
A: almost no armour, stealthy swim, amphibious, 8 rings, constrict 8, yellow
scales 1, camouflage 1, gelatinous body 1
a: Recite, Vitalisation, Imprison, Sanctuary, Donate Gold, Renounce Religion,
Evoke Blink


You were on level 8 of the Dungeon.
You worshipped Zin.
Zin was extremely pleased with you.
You were hungry.

You visited 2 branches of the dungeon, and saw 10 of its levels.
You also visited: Ossuary.

You collected 518 gold pieces.
You spent 132 gold pieces at shops.
You donated 51 gold pieces to Zin.

Inventory:

Hand Weapons
 a - a +5 whip of electrocution (weapon)
 b - a +3 hunting sling of freezing
 w - a +0 dagger of holy wrath
 I - the +6 war axe of the Warrior {freeze, Str+6}
   (You found it on level 7 of the Dungeon)

   It has been specially enchanted to freeze those struck by it, causing extra
   injury to most foes and up to half again as much damage against particularly
   susceptible opponents.
   It can also slow down cold-blooded creatures.
   It affects your strength (+6).
Missiles
 f - 330 stones (quivered)
 q - 60 sling bullets
 z - 5 tomahawks of returning
Armour
 o - a +0 shield (worn)
Jewellery
 t - the amulet of Ighop (around mantle) {+Blink rElec Regen+ Int-3 Slay+4}
   (You found it on level 7 of the Dungeon)

   [amulet of regeneration]

   It affects your intelligence (-3).
   It affects your accuracy and damage with ranged weapons and melee attacks
   (+4).
   It insulates you from electricity.
   It lets you blink.
   It increases your rate of regeneration.
 A - a ring of protection from cold (left tentacle)
 G - an uncursed amulet of guardian spirit {unknown}
Wands
 v - a wand of flame (32)
 F - a wand of paralysis (2)
Scrolls
 e - 3 scrolls of amnesia
 g - a scroll of fog {unknown}
 p - 8 scrolls of remove curse {unknown}
 r - 5 scrolls of blinking {unknown}
 x - 3 scrolls of teleportation {unknown}
 y - 2 scrolls of magic mapping
 B - a scroll of enchant weapon {unknown}
Potions
 c - 2 potions of flight
 h - 2 potions of berserk rage
 i - a potion of agility {unknown}
 k - 3 potions of resistance {unknown}
 l - 2 potions of invisibility
 m - 2 potions of brilliance
 n - 7 potions of curing
 s - 2 potions of cancellation {unknown}
 u - a potion of heal wounds
 C - 2 potions of might
 E - a potion of ambrosia
 H - a potion of magic {unknown}
Comestibles
 d - 3 bread rations
 j - 2 meat rations
 D - 2 chunks of flesh


   Skills:
 + Level 3.5(3.3) Fighting
 - Level 4.0(3.8) Short Blades
 - Level 7.1(6.9) Maces & Flails
 - Level 3.0(2.8) Dodging
 - Level 5.0(4.9) Stealth
 + Level 6.7(6.5) Shields
 - Level 9.5(9.3) Invocations
 + Level 8.4(8.2) Evocations


You had 9 spell levels left.
You didn't know any spells.

Dungeon Overview and Level Annotations

Branches:
Dungeon (9/15)             Temple (1/1) D:4
   Lair: D:8-11         Orc: D:9-12

Altars:
Ashenzari
Cheibriados
Dithmenos
Elyvilon
Fedhas
Gozag
Hepliaklqana
Kikubaaqudgha
Makhleb
Nemelex Xobeh
Okawaru
Qazlal
Sif Muna
Trog
Uskayaw
Vehumet
Wu Jian
Xom
Yredelemnul
Zin
The Shining One

Shops:
D:4 }   D:7 =


Innate Abilities, Weirdness & Mutations

You cannot wear most types of armour.
You are very stealthy in the water. (Stealth+)
You are amphibious.
You can wear up to eight rings at the same time.
You can use your tentacles to constrict eight enemies at once.
Your skin changes colour to match your surroundings (Stealth+).
Your rubbery body absorbs attacks. (AC +1, EV +1)
You are partially covered in yellow scales. (AC +2)


Message History

You release your grip on the red ugly thing. "...they knew they would be found guilty of unfaithfulness..."
You see here 8 gold pieces.
Okay, then.
Evoke which item? (* to show all) (? for menu, Esc to quit)
Aiming: Paralyse
Press: ? - help, Shift-Dir - straight line, f - red ugly thing
Aim: a red ugly thing (lightly wounded, sick, chance to defeat MR: 51%)
The red ugly thing resists with significant effort. "...for that is the word of Zin, and Zin's word is law."
You finish reciting Ablutions 27:2.
You feel sick. You block the red ugly thing's attack.
Evoke which item? (* to show all) (? for menu, Esc to quit)
Aiming: Paralyse
Press: ? - help, Shift-Dir - straight line, f/p - red ugly thing
Aim: a red ugly thing (lightly wounded, chance to defeat MR: 51%)
The red ugly thing resists with significant effort.
You feel sick. The red ugly thing tentacle-slaps you.
You are engulfed in flames!!
You die...

#### #.. #.#
################@#
...............#u#
.............>.#o####..#
................o......#
#######.#.###.##'####.##
................).......
####### ............###
...... .................
###### #.####.#......###


You could see a red ugly thing, an orc wizard (paralysed) and an orc (mute).

Vanquished Creatures
  A two-headed ogre (D:7)
  An ugly thing (D:7)
  A troll (D:7)
  Grinder (D:3)
  The ghost of hexaflexagon the Stinger, an amateur OpTm (D:4)
  A wraith (D:7)
  Eustachio (D:3)
  2 hungry ghosts
  Menkaure (D:5)
  Edmund (D:4)
  2 water moccasins
  2 ice beasts
  2 sky beasts (D:6)
  A phantom (D:3)
  3 necrophages (D:6)
  A centaur (D:6)
  An ogre (D:7)
  A crocodile (D:7)
  A big kobold (D:7)
  4 bullfrogs
  A gnoll sergeant (D:7)
  2 water moccasin zombies (Ossuary)
  A wyvern skeleton (D:7)
  2 scorpions
  3 killer bees (D:8)
  3 wights (D:8)
  4 howler monkeys
  5 crimson imps
  2 bullfrog zombies
  4 hounds
  2 jellies (D:7)
  A bullfrog skeleton (D:8)
  A gnoll shaman (D:7)
  3 orc priests
  4 orc wizards
  An iguana (D:4)
  Terence (D:2)
  4 worker ants
  A big kobold zombie (Ossuary)
  A hound skeleton (D:6)
  A hound zombie (D:6)
  2 mummies (Ossuary)
  3 worker ant zombies
  Robin (D:4)
  14 gnolls
  A howler monkey skeleton (D:7)
  9 adders
  3 shadow imps
  An ooze (D:3)
  2 adder skeletons
  7 adder zombies
  5 worms
  2 dart slugs
  4 leopard geckos
  30 orcs
  2 ball pythons
  4 giant cockroaches
  3 gnoll zombies (Ossuary)
  16 goblins
  6 hobgoblins
  4 jackals
  2 quokkas
  8 bats
  2 frilled lizards
  3 hobgoblin zombies (Ossuary)
  13 kobolds
  4 kobold zombies (Ossuary)
  A leopard gecko skeleton (D:7)
  2 orc zombies (Ossuary)
  2 quokka skeletons
  A quokka zombie (D:6)
  7 rats
240 creatures vanquished.

Vanquished Creatures (others)
  A bush (D:6)
  4 plants (D:6)
5 creatures vanquished.

Grand Total: 245 creatures vanquished

Notes
Turn   | Place    | Note
-------+----------+-------------------------------------------
     0 | D:1      | hexaflexagon the Octopode Fighter began the quest for the Orb.
     0 | D:1      | Reached XP level 1. HP: 16/16 MP: 1/1
    82 | D:1      | Reached skill level 1 in Stealth
   173 | D:1      | Reached XP level 2. HP: 21/21 MP: 2/2
   964 | D:2      | Reached XP level 3. HP: 17/26 MP: 3/3
  1406 | D:2      | Found an ornate altar of the Wu Jian Council.
  1515 | D:2      | Noticed Terence
  1534 | D:2      | Reached XP level 4. HP: 30/31 MP: 4/4
  2160 | D:2      | Reached XP level 5. HP: 36/36 MP: 5/5
  2231 | D:2      | Killed Terence
  2345 | D:3      | Noticed Grinder
  2358 | D:3      | Found a snail-covered altar of Cheibriados.
  2531 | D:3      | Found a glowing silver altar of Zin.
  2943 | D:4      | Found Labb's Gadget Emporium.
  2964 | D:4      | Reached XP level 6. HP: 25/42 MP: 6/6
  3086 | D:4      | Found a hide-covered altar of Uskayaw.
  3171 | D:4      | Reached skill level 5 in Stealth
  3205 | D:4      | Noticed a phantom
  3399 | D:4      | Found an iron altar of Okawaru.
  3442 | D:4      | Noticed Eustachio
  3454 | D:4      | Noticed hexaflexagon's ghost (amateur OpTm)
  3501 | D:4      | Found a sparkling altar of Nemelex Xobeh.
  3510 | D:4      | Found a staircase to the Ecumenical Temple.
  3526 | Temple   | Entered the Ecumenical Temple
  3664 | D:4      | Noticed Edmund
  3755 | D:3      | Became a worshipper of Zin the Law-Giver
  3755 | D:3      | Reached * piety under Zin
  3899 | D:3      | Gained mutation: You are partially covered in yellow scales. (AC +2) [potion of mutation]
  3950 | D:3      | Killed a phantom
  3950 | D:3      | Reached skill level 2 in Invocations
  4772 | D:4      | Reached skill level 3 in Invocations
  4772 | D:4      | Reached XP level 7. HP: 40/46 MP: 9/9
  5125 | D:4      | Killed Edmund
  5125 | D:4      | Reached skill level 4 in Invocations
  5128 | D:4      | Reached ** piety under Zin
  5218 | D:4      | Noticed Robin
  5303 | D:4      | Killed hexaflexagon's ghost
  5303 | D:4      | Reached skill level 6 in Invocations
  5549 | D:4      | Killed Robin
  5661 | D:5      | Entered Level 5 of the Dungeon
  5744 | D:5      | Reached XP level 8. HP: 52/52 MP: 11/13
  5872 | D:5      | Reached skill level 7 in Invocations
  6113 | D:3      | Found a snail-covered altar of Cheibriados.
  6123 | D:3      | Found a glowing silver altar of Zin.
  6310 | D:3      | Killed Eustachio
  6556 | D:5      | Reached skill level 1 in Maces & Flails
  6773 | D:5      | Noticed Menkaure
  6869 | D:5      | Killed Menkaure
  6869 | D:5      | Reached skill level 8 in Invocations
  7259 | D:5      | Found a sparkling altar of Nemelex Xobeh.
  7579 | D:6      | Reached *** piety under Zin
  7994 | D:6      | Found a blossoming altar of Fedhas.
  8083 | D:6      | Reached skill level 5 in Shields
  8083 | D:6      | Reached XP level 9. HP: 55/55 MP: 15/15
  8306 | D:7      | Reached skill level 5 in Maces & Flails
  8343 | D:7      | Found Buext's Jewellery Shop.
  8422 | D:7      | Found a sand-covered staircase.
  8427 | Ossuary  | Entered an ossuary
  8502 | Ossuary  | Reached **** piety under Zin
  8859 | D:3      | Paralysed by Grinder for 6 turns
  8868 | D:3      | Killed Grinder
  8868 | D:3      | Reached skill level 9 in Invocations
  9227 | D:7      | Noticed a two-headed ogre
  9576 | D:4      | Bought a wand of paralysis (10) for 132 gold pieces
  9767 | D:7      | Reached skill level 1 in Evocations
  9767 | D:7      | Reached XP level 10. HP: 50/63 MP: 17/17
 10216 | D:7      | Killed a two-headed ogre
 10268 | D:7      | Found a transporter.
 10286 | D:7      | Noticed a white ugly thing
 10294 | D:7      | Killed a white ugly thing
 10340 | D:7      | Got a steaming diamond amulet
 10438 | D:7      | Found a transporter.
 10453 | D:7      | Found an opulent altar of Gozag.
 10616 | D:7      | Got a translucent war axe
 10657 | D:7      | Identified the amulet of Ighop {+Blink rElec Regen+ Int-3 Slay+4} (You found it on level 7 of the Dungeon)
 10675 | D:8      | Identified the +6 war axe of the Warrior {freeze, Str+6} (You found it on level 7 of the Dungeon)
 10926 | D:8      | You fall through a shaft!
 10958 | D:8      | Reached ***** piety under Zin
 10959 | D:8      | Noticed a red ugly thing
 10968 | D:8      | Slain by a red ugly thing

Vault maps used:
D:1:      lemuel_arrival_lava_pool, serial_co_window_serial, co_window_paths_a,
          co_window_corner_a, co_window_paths_a, co_window_cross_1,
          co_window_paths_a, co_window_paths_c, co_window_unsneaky_path_e,
          co_window_unsneaky_path_d, co_window_broadway_c,
          co_window_unsneaky_path_a, co_window_corner_b, glass_columns_a,
          glass_columns_a, glass_columns_a
D:2:      lemuel_doored_altar, first_bread, uniq_terence
D:3:      zin_scriptorium, lemuel_round_altar, uniq_grinder
D:4:      nemelex_xobeh_ov_fountains_minmay, overflow_temple_1_default,
          kennysheep_mini, minmay_temple_entry_purple_smoke, serial_shops,
          nicolae_shop_temple_entry_statues_fountains, minmay_joined_circles,
          uniq_edmund, uniq_eustachio, uniq_robin
D:5:      corexii_shack_village, nemelex_lonely_heart_becter, uniq_menkaure
D:6:      fedhas_altar_decomposition, centaur_isle
D:7:      minmay_the_grid_octo_triangle, gammafunk_temple_overflow_arena,
          serial_shops, nicolae_shop_behind_doors, enter_ossuary_2
D:8:      lemuel_crystal_altar, hangedman_ranch
D:9:      cheibrodos_grave_circle, dpeg_lair_monsters,
          kennysheep_orc_monster_closet_entryway, enter_bailey_3
Temple:   dshaligram_water_room_temple
Ossuary:  ossuary_tomb_2

Skill      XL: |  1  2  3  4  5  6  7  8  9 10 |
---------------+-------------------------------+-----
Stealth        | 1 2 3 4 5 |  5.0
Short Blades   | 3 4 |  4.0
Shields        | 4 5 6 |  6.7
Invocations    | 3 6 8 9 |  9.5
Maces & Flails | 4 7 |  7.1
Evocations     | 1 8 |  8.4
Fighting       | |  3.5
Dodging        | |  3.0

Action                   |  1- 3 |  4- 6 |  7- 9 | 10-12 || total
-------------------------+-------+-------+-------+-------++-------
Melee: Rapier            |    19 |    18 |    44 |       ||    81
       Constrict         |    15 |    29 |    67 |    25 ||   136
       Tentacles         |     9 |    31 |    66 |    24 ||   130
       Dagger            |    43 |   118 |    18 |       ||   179
       Whip              |       |       |   244 |   124 ||   368
       War axe           |       |       |       |     1 ||     1
 Fire: Hunting sling     |       |     5 |    28 |       ||    33
Throw: Stone             |       |    13 |       |       ||    13
Invok: Recite            |       |     2 |    25 |    11 ||    38
Evoke: Wand              |       |       |    14 |     6 ||    20
  Use: Scroll            |       |     3 |     7 |       ||    10
       Potion            |       |     2 |     3 |     3 ||     8
 Stab: Sleeping          |     6 |     4 |    21 |     1 ||    32
       Distracted        |       |     1 |       |       ||     1
       Confused          |       |       |     1 |     3 ||     4
       Paralysed         |       |       |       |     8 ||     8
  Eat: Chunk             |    15 |     7 |     5 |     4 ||    31
       Fruit             |       |       |     2 |       ||     2
       Royal jelly       |       |       |     2 |     1 ||     3
Armor: Skin              |     3 |     9 |    29 |     3 ||    44
Dodge: Dodged            |    24 |    38 |   128 |    34 ||   224
Block: Shield            |    19 |    44 |   135 |    50 ||   248

Table legend:
 A = Spawn XP
 B = Non-spawn XP
 C = Spawn XP percentage of total XP
 D = Spawn monster count
 E = Non-spawn monster count
 F = Spawn count percentage of total count
 G = Total turns spent on level
                    A         B        C        D         E        F      G
               +---------+---------+-------+---------+---------+-------+---------
         Total |       0 |    8483 |   0.0 |       0 |     240 |   0.0 | 10968
               +---------+---------+-------+---------+---------+-------+---------
           D:1 |       0 |      30 |   0.0 |       0 |      17 |   0.0 |  1413
           D:2 |       0 |     172 |   0.0 |       0 |      24 |   0.0 |  1131
           D:3 |       0 |     668 |   0.0 |       0 |      25 |   0.0 |  1647
           D:4 |       0 |     763 |   0.0 |       0 |      27 |   0.0 |  1979
           D:5 |       0 |     643 |   0.0 |       0 |      33 |   0.0 |  1574
           D:6 |       0 |    1582 |   0.0 |       0 |      28 |   0.0 |  1449
           D:7 |       0 |    3601 |   0.0 |       0 |      44 |   0.0 |  1158
           D:8 |       0 |     755 |   0.0 |       0 |      19 |   0.0 |   290
       Ossuary |       0 |     269 |   0.0 |       0 |      23 |   0.0 |   206
               +---------+---------+-------+---------+---------+-------+---------
